Map: [ESL] Alcyone

Players

trigger

  • Race: Protoss Protoss
  • Spawn Location: 1:00

Astrea - Winner!

  • Race: Protoss Protoss
  • Spawn Location: 7:00

Event: ESL SC2 Masters 2023 Winter (Regional)

VOD

Have the link to the VOD?

Description

Time

  • Played on: Nov. 18, 2023, 1:55 p.m.
  • Length: 7:29

All games in this series

Show
View Real Time Build Order
Export as new Build Order

trigger Protoss 

Build Orders:  

Get SALT Encoding   

  12  0:00  Probe  
  13  0:12  Probe  
  14  0:18  Pylon  
  14  0:24  Probe  
  15  0:42  Probe  
  16  0:43  Pylon  
  16  0:54  Probe  
  17  1:01  Gateway  
  17  1:04  Gateway  
  17  1:13  Gateway  
  18  1:18  Probe  
  18  1:25  Assimilator  
  18  1:41  Probe  
  19  1:51  Cybernetics Core  
  19  1:53  Zealot (Chrono Boost)  
  23  1:56  Zealot (Chrono Boost)  
  25  2:02  Probe  
  25  2:05  Zealot (Chrono Boost)  
  28  2:12  Zealot (Chrono Boost)  
  28  2:13  Pylon  
  28  2:15  Zealot (Chrono Boost)  
  30  2:23  Zealot (Chrono Boost)  
  31  2:32  Adept  
  31  2:36  Adept  
  30  2:39  Assimilator  
  30  2:41  Probe  
  28  2:53  Probe  
  27  3:11  Robotics Facility  
  25  3:13  Probe  
  25  3:17  Warp Gate  
  24  3:25  Gateway, Probe  
  25  3:34  Shield Battery  
  25  3:36  Pylon  
  25  3:37  Probe  
  26  3:44  Pylon  
  26  3:49  Probe  
  27  3:57  Warp Prism (Chrono Boost)  
  29  4:07  Gateway  
  29  4:12  Sentry  
  31  4:26  Immortal (Chrono Boost)  
  35  4:35  Probe  
  36  4:40  Pylon  
  36  5:03  Immortal  
  40  5:14  Adept x2  
  44  5:35  Stalker x2  
  44  5:37  Pylon  
  44  5:42  Immortal  
  52  5:56  Gateway  
  48  6:05  Gateway  
  48  6:11  Stalker  
  50  6:22  Pylon  
  50  6:28  Pylon  
  50  6:33  Twilight Council  
  50  6:34  Stalker  
  52  6:51  Stalker  
  54  6:58  Stalker  
  54  7:00  Stalker  
  58  7:18  Stalker  
  48  7:24  Stalker x2  
Show
View Real Time Build Order
Export as new Build Order

Astrea Protoss - Winner!

Build Orders:  

Get SALT Encoding   

  12  0:00  Probe  
  13  0:12  Probe  
  14  0:17  Pylon  
  14  0:24  Probe (Chrono Boost)  
  16  0:36  Gateway, Probe (Chrono Boost)  
  16  0:42  Probe (Chrono Boost)  
  16  0:45  Assimilator  
  17  0:51  Probe  
  17  0:53  Assimilator  
  18  1:03  Probe (Chrono Boost)  
  19  1:09  Gateway  
  19  1:12  Probe (Chrono Boost)  
  19  1:17  Probe (Chrono Boost)  
  20  1:23  Cybernetics Core  
  21  1:29  Probe  
  22  1:33  Pylon  
  22  1:41  Probe  
  23  1:53  Probe  
  24  1:59  Warp Gate, Adept (Chrono Boost)  
  28  2:05  Probe, Adept (Chrono Boost)  
  29  2:10  Pylon  
  29  2:29  Shield Battery  
  21  2:33  Stalker (Chrono Boost)  
  23  2:50  Stalker  
  24  2:55  Probe  
  25  3:04  Stalker  
  27  3:11  Probe  
  28  3:24  Probe  
  29  3:36  Probe (Chrono Boost)  
  30  3:48  Sentry, Probe (Chrono Boost)  
  33  3:52  Nexus  
  34  3:55  Probe (Chrono Boost)  
  34  4:02  Probe  
  34  4:03  Phoenix  
  35  4:12  Stargate  
  35  4:14  Probe  
  35  4:16  Pylon  
  36  4:26  Probe  
  37  4:35  Shield Battery  
  37  4:38  Probe  
  38  4:50  Probe  
  39  4:56  Phoenix (Chrono Boost)  
  41  5:05  Stalker x2  
  46  5:12  Phoenix (Chrono Boost)  
  47  5:21  Pylon  
  47  5:31  Probe  
  47  5:32  Probe  
  47  5:33  Phoenix (Chrono Boost)  
  51  5:40  Stalker  
  51  5:42  Zealot  
  55  5:45  Probe  
  55  5:49  Probe  
  57  5:54  Phoenix  
  59  5:57  Probe  
  59  6:01  Gateway, Probe  
  61  6:04  Pylon  
  61  6:19  Shield Battery  
  61  6:20  Pylon  
  61  6:24  Adept x2  
  61  6:25  Phoenix (Chrono Boost)  
  67  6:41  Phoenix (Chrono Boost)  
  67  6:45  Zealot, Gateway, Pylon  
  67  6:47  Gateway  
  70  6:48  Zealot  
  72  7:05  Probe x2  
  74  7:09  Stalker x3  
Tags
 
Add a new tag
Caveats
  • Supply blocks, unpowered buildings, or Contaminate may cause inaccurate times.
  • Supply counts are checked every 10 seconds.